 Dungeon Sprint DCSS version 0.27-a0-1139-g28e009f8a6 (webtiles) character file.

Game seed: 5940782891652506497

494 mhtbhm the Geomancer (level 6, 0/33 HPs)
             Began as a Deep Elf Earth Elementalist on May 7, 2021.
             Was an Elder of Vehumet.
             Succumbed to kobold brigand's curare-tipped dart
             ... in the Dungeon (Sprint VII: "The Pits").
             The game lasted 00:01:57 (636 turns).

mhtbhm the Geomancer (Deep Elf Earth Elementalist)   Turns: 636, Time: 00:01:58

Health: 0/33       AC:  2    Str:  5    XL:     6   Next: 92%
Magic:  22/22      EV: 14    Int: 22    God:    Vehumet [****..]
Gold:   0          SH:  0    Dex: 15    Spells: 14/28 levels left

rFire    . . .     SeeInvis .   l - +2 short sword (venom)
rCold    . . .     Faith    .   (no shield)
rNeg     . . .     Spirit   .   c - +0 robe
rPois    .         Reflect  .   (no helmet)
rElec    .         Harm     .   (no cloak)
rCorr    .         Rampage  .   (no gloves)
Will     .....     NoTele   +   (no boots)
Stlth    ++........             (no amulet)
HPRegen  0.11/turn              (no ring)
MPRegen  0.18/turn              (no ring)

@: lethally poisoned (0 -> -2), slowed, very slow
A: no striking features
a: Renounce Religion


You were in the Dungeon.
You worshipped Vehumet.
Vehumet was greatly pleased with you.
You visited 1 branch

Inventory:

Hand Weapons
 l - a +2 short sword of venom (weapon)
Missiles
 b - 35 stones
Armour
 c - a +0 robe (worn)
Scrolls
 i - a scroll of blinking
 j - 5 scrolls of amnesia
 k - a scroll of summoning
Potions
 a - 2 potions of invisibility
 d - 6 potions of curing
 e - 6 potions of heal wounds
 f - a potion of haste
 g - 4 potions of magic
 h - 3 potions of berserk rage


   Skills:
 - Level 0.5 Fighting
 - Level 1.1 Short Blades
 + Level 5.7 Dodging
 - Level 2.5 Stealth
 + Level 11.7 Spellcasting
 + Level 2.4 Transmutations
 + Level 11.8 Earth Magic


You had 14 spell levels left.
You knew the following spells:

 Your Spells              Type           Power      Damage    Failure   Level
a - Sandblast             Erth           100%       2d20      1%          1
b - Freeze                Ice            48%        1d7       1%          1
c - Stone Arrow           Conj/Erth      78%        3d11      1%          3
d - Lee's Rapid Deconstr  Erth           30%        3d17*     1%          5
e - Petrify               Tmut/Erth      44%        N/A       2%          4

Your spell library contained the following spells:

 Spells                   Type           Power      Damage    Failure   Level
 Searing Ray              Conj           24%        3d4       2%          2
 Passwall                 Tmut/Erth      36%        N/A       1%          2


Dungeon Overview and Level Annotations

Branches:
Dungeon (1/1)

Altars:
Ashenzari
Cheibriados
Dithmenos
Elyvilon
Fedhas
Gozag
Hepliaklqana
Kikubaaqudgha
Makhleb
Nemelex Xobeh
Okawaru
Qazlal
Ru
Sif Muna
Trog
Uskayaw
Vehumet
Wu Jian
Xom
Yredelemnul
Zin
The Shining One
Beogh
Jiyva
Lugonu


Message History

You feel your power returning.
Unknown command.
Unknown command.
Things that are here:
a +3 dire flail; a +0 robe You start resting.
You start resting.
Magic restored.
Things that are here:
a +0 scimitar; a +0 robe
There is an open door here.
A jelly comes into view.
You see here a +0 whip.
A kobold brigand comes into view.
It is wielding a +0 dagger and quivering curare-tipped darts.
A gnoll shaman comes into view. It is wielding a +0 whip.
There is an open door here.
The kobold brigand shouts!
You hear a shout!
The kobold brigand throws a curare-tipped dart.
The curare-tipped dart hits you.
You are poisoned.
You have difficulty breathing.
You feel yourself slow down.
You feel very sick.
The kobold brigand throws a curare-tipped dart.
The curare-tipped dart closely misses you.
A gnoll comes into view. It is wielding a +0 club.
You feel very sick.
You hit the gnoll.
The gnoll is moderately wounded.
You feel sick.
A gnoll comes into view. It is wielding a +0 club.
The gnoll barely misses you.
The gnoll moves out of view.
You hit the gnoll.
The gnoll is poisoned.
The gnoll is heavily wounded.
You feel sick. The gnoll hits you with a +0 club!
* * * LOW HITPOINT WARNING * * *
The gnoll hits you with a +0 club.
* * * LOW HITPOINT WARNING * * *
You barely miss the gnoll.
The gnoll is heavily wounded.
You die...

#.#..'..)#.##.....
#.#..'...'.##.....
#.#.)########...<.
#)#..'[))).##.....
#.#..#[))).##.....
#'###########.....
#.K...K.# ######
#.###.g.# #@# .#
#g# #). #g.. #....
######


You could see a kobold brigand and 2 gnolls.

Vanquished Creatures
  A flying skull (D)
  A floating eye (D)
  4 wights (D)
  An iron imp (D)
  3 gnolls (D)
  A bat skeleton (D)
  A hobgoblin (D)
  A frilled lizard (D)
  2 kobolds (D)
  A quokka skeleton (D)
16 creatures vanquished.

Notes
Turn   | Place    | Note
-------+----------+-------------------------------------------
     0 | D        | mhtbhm the Deep Elf Earth Elementalist began the quest for
                  | the Orb.
     0 | D        | Reached XP level 1. HP: 10/10 MP: 6/6
    23 | D        | Found a bloodstained altar of Trog.
    23 | D        | Found a shimmering blue altar of Sif Muna.
    23 | D        | Found a viscous altar of Jiyva.
    23 | D        | Found a hazy altar of Hepliaklqana.
    23 | D        | Found an opulent altar of Gozag.
    24 | D        | Found a glowing golden altar of the Shining One.
    24 | D        | Found a glowing silver altar of Zin.
    24 | D        | Found a basalt altar of Yredelemnul.
    24 | D        | Found a shimmering altar of Xom.
    24 | D        | Found an ornate altar of the Wu Jian Council.
    24 | D        | Found a sacrificial altar of Ru.
    24 | D        | Found a stormy altar of Qazlal.
    24 | D        | Found an iron altar of Okawaru.
    24 | D        | Found a sparkling altar of Nemelex Xobeh.
    24 | D        | Found a burning altar of Makhleb.
    24 | D        | Found a blossoming altar of Fedhas.
    24 | D        | Found a white marble altar of Elyvilon.
    24 | D        | Found a shadowy altar of Dithmenos.
    24 | D        | Found a snail-covered altar of Cheibriados.
    26 | D        | Found a radiant altar of Vehumet.
    26 | D        | Found a corrupted altar of Lugonu.
    27 | D        | Found a hide-covered altar of Uskayaw.
    27 | D        | Found an ancient bone altar of Kikubaaqudgha.
    27 | D        | Found a broken altar of Ashenzari.
    34 | D        | Became a worshipper of Vehumet
   127 | D        | Noticed a floating eye
   130 | D        | Reached * piety under Vehumet
   130 | D        | Offered knowledge of Freeze by Vehumet.
   131 | D        | Reached skill level 5 in Earth Magic
   131 | D        | Reached XP level 2. HP: 15/15 MP: 4/9
   132 | D        | Paralysed by a floating eye for 3 turns
   135 | D        | Killed a floating eye
   136 | D        | Reached skill level 1 in Short Blades
   136 | D        | Reached XP level 3. HP: 20/20 MP: 2/13
   136 | D        | Reached XP level 4. HP: 24/24 MP: 2/15
   378 | D        | Learned a level 1 spell: Freeze
   382 | D        | Learned a level 3 spell: Stone Arrow
   394 | D        | Offered knowledge of Searing Ray by Vehumet.
   394 | D        | Reached ** piety under Vehumet
   412 | D        | Reached XP level 5. HP: 28/28 MP: 12/17
   469 | D        | Noticed a flying skull
   477 | D        | Learned a level 5 spell: Lee's Rapid Deconstruction
   482 | D        | Learned a level 4 spell: Petrify
   483 | D        | Killed a flying skull
   484 | D        | Reached skill level 5 in Dodging
   484 | D        | Reached skill level 10 in Spellcasting
   484 | D        | Reached skill level 10 in Earth Magic
   484 | D        | Reached XP level 6. HP: 33/33 MP: 13/21
   485 | D        | Reached *** piety under Vehumet
   505 | D        | Reached **** piety under Vehumet
   635 | D        | HP: 1/33 [gnoll/+0 club (4)]
   636 | D        | Succumbed to kobold brigand's curare-tipped dart

Illustrated notes

Levels and vault maps discovered:
D:        pitsprint [storerooms_1, entrance_room_1, metal_vault_5, armoury_1,
          mini_pit_1, grid_room_1, main_hall_1, silver_pit, the_coven_1,
          the_vestibule_1, steel_vault_4, golden_pit, hallway_of_sentries,
          crystal_vault_2, iron_vault_5, final_vault]

Skill      XL: |  1  2  3  4  5  6 |
---------------+-------------------+-----
Earth Magic    | 5 8 10 11 | 11.8
Dodging        | 3 4 5 |  5.7
Spellcasting   | 4 7 8 10 11 | 11.7
Short Blades   | 1 |  1.1
Transmutations | 2 |  2.4
Fighting       | |  0.5
Stealth        | |  2.5

Action                   |  1- 3 |  4- 6 || total
-------------------------+-------+-------++-------
Melee: Unarmed           |     1 |       ||     1
       Short sword       |     1 |     6 ||     7
 Cast: Sandblast         |     7 |     3 ||    10
       Stone Arrow       |       |     2 ||     2
       Lee's Rapid Decon |       |     5 ||     5
Armor: Robe              |     2 |       ||     2
Dodge: Dodged            |     2 |     4 ||     6

Table legend: (Time is in decaauts)
 A = Elapsed time spent in this place.
 B = Non-inter-level travel time spent in this place.
 C = Inter-level travel time spent in this place.
 D = Time resting spent in this place.
 E = Time spent auto-exploring this place.
 F = Levels seen in this place.
 G = Mean time per level.
                   A        B        C        D        E       F      G
               +--------+--------+--------+--------+--------+-----+--------+
         Total |    637 |    637 |      0 |    382 |      0 |   1 |  637.0 |
       Dungeon |    637 |    637 |      0 |    382 |      0 |   1 |  637.0 |
               +--------+--------+--------+--------+--------+-----+--------+

Top non-repeatable levels by time:
       D: 637 daAuts
